 Dungeon Crawl Stone Soup version 0.16.1-16-gc44b35d (webtiles) character file.

580 Siriah the Magician (level 7, -1/38 HPs)
             Began as a Deep Elf Wizard on Apr 17, 2015.
             Killed by nerve-wracking pain
             ... invoked by Menkaure
              (11 damage)
             ... on level 4 of the Dungeon.
             The game lasted 00:13:12 (2787 turns).

Siriah the Magician (Deep Elf Wizard)               Turns: 2787, Time: 00:13:12

Health: -1/38      AC:  5    Str:  4    XL:     7   Next: 13%
Magic:  4/24       EV: 14    Int: 25    God:
Gold:   241        SH:  0    Dex: 13    Spells: 5 memorised, 8 levels left

rFire  . . .     SeeInvis .     r - +0 spear (venom)
rCold  . . .     Clarity  .     a - +0 robe
rNeg   . . .     SustAb   .     (no shield)
rPois  .         Gourm    .     g - +2 hat
rElec  .         Spirit   .     (no cloak)
rCorr  .         Warding  .     (no gloves)
rMut   .         Stasis   .     f - +0 pair of boots
MR     .....                    (no amulet)
Stlth  +++.......               (no ring)
                                (no ring)

@: very slightly contaminated, not resistant to hostile enchantments, fairly
stealthy
A: no striking features
a: no special abilities


You were on level 4 of the Dungeon.
You were not hungry.

You visited 1 branch of the dungeon, and saw 4 of its levels.

You collected 241 gold pieces.

Inventory:

Hand weapons
 m - a +3 dagger of draining
 r - a +0 spear of venom (weapon)
Armour
 a - a +0 robe (worn)
 f - a +0 pair of boots (worn)
 g - a +2 hat (worn)
Jewellery
 p - an uncursed amulet of stasis
Scrolls
 k - 5 scrolls of remove curse
 n - a scroll of amnesia {unknown}
 t - 3 scrolls of identify
 u - a scroll of fog
 v - a scroll of enchant armour {unknown}
Potions
 b - a potion of invisibility
 e - a potion of berserk rage {unknown}
 h - 4 potions of curing
 i - 3 potions of might
 l - a potion of poison {unknown}
 o - a potion of cure mutation {unknown}
 s - a potion of restore abilities {unknown}
 w - a potion of degeneration {unknown}
Books
 c - a book of Minor Magic

   Spells                             Type                      Level
   a - Magic Dart                     Conjuration                  1
   b - Blink                          Translocation                2
   c - Call Imp                       Summoning                    2
   d - Repel Missiles                 Charms/Air                   2
   e - Slow                           Hexes                        2
   f - Conjure Flame                  Conjuration/Fire             3
   g - Mephitic Cloud                 Conjuration/Poison/Air       3
Comestibles
 d - 2 bread rations
 j - 5 meat rations
 q - 2 beef jerkies
 x - 4 chunks of flesh


   Skills:
 + Level 1.0 Fighting
 + Level 5.4 Dodging
 + Level 4.7 Stealth
 + Level 6.9 Spellcasting
 + Level 3.0 Conjurations
 + Level 1.4 Summonings
 + Level 1.2 Translocations
 + Level 0.2 Fire Magic
 + Level 0.8 Air Magic
 + Level 0.9 Poison Magic


You had 8 spell levels left.
You knew the following spells:

 Your Spells              Type           Power        Failure   Level  Hunger
a - Magic Dart            Conj           ###.         1%          1    None
b - Blink                 Tloc           N/A          10%         2    None
c - Call Imp              Summ           ###.....     8%          2    None
d - Mephitic Cloud        Conj/Pois/Air  ###.....     12%         3    None
e - Conjure Flame         Conj/Fire      ###.....     12%         3    None


Dungeon Overview and Level Annotations

Branches:
Dungeon (4/15)
 Temple: D:4-7

Altars:
Ru
Yredelemnul
The Shining One

Annotations:
D:4 Menkaure


Message History

Press: ? - help, Shift-Dir - straight line, f/p - Menkaure
Aim: Menkaure (moderately damaged, fast)
The magic dart hits Menkaure.
Menkaure is heavily damaged.
Menkaure gestures at you while chanting.
Pain shoots through your body!
* * * LOW HITPOINT WARNING * * *
Casting: Magic Dart
Confirm with . or Enter, or press ? or * to list all spells.
A beastly little devil appears in a puff of flame.
Casting: Call Imp
Confirm with . or Enter, or press ? or * to list all spells.
Aiming: Magic Dart
Press: ? - help, Shift-Dir - straight line, f/p - Menkaure
Aim: Menkaure (heavily damaged, fast)
The magic dart hits Menkaure.
Menkaure is severely damaged.
Menkaure gestures at you while chanting.
Pain shoots through your body!
You die...

. .... .######
..... ##.....##
...... #..#....#
#...?.. #..#....#
#...... #..#....#
#...... #5.#....#
#...... #).#....#
#...... #.@'....#
#...... #..#....#
#...... #..#....#
#...... ##.#....#
#...... #.#....#
#...... .M#....#
#...... ..#....#
#...... ..#....#
#......
..#...#######.....


You could see Menkaure and a friendly crimson imp.

Vanquished Creatures
  Grinder (D:4)
  A centaur (D:3)
  2 hounds (D:4)
  2 worker ants
  Natasha (D:4)
  Ijyb (D:2)
  7 adders
  A giant mite (D:4)
  2 worms (D:3)
  A giant gecko (D:3)
  An ooze (D:3)
  An orc (D:4)
  A giant cockroach (D:2)
  6 hobgoblins
  15 jackals
  2 quokkas (D:2)
  7 bats
  4 giant newts
  14 goblins
  A jackal skeleton (D:4)
  7 kobolds
  12 rats
90 creatures vanquished.

Vanquished Creatures (collateral kills)
  A jackal (D:2)
1 creature vanquished.

Grand Total: 91 creatures vanquished

Notes
Turn   | Place    | Note
--------------------------------------------------------------
     0 | D:1      | Siriah, the Deep Elf Wizard, began the quest for the Orb.
     0 | D:1      | Reached XP level 1. HP: 10/10 MP: 6/6
   365 | D:1      | Reached skill level 5 in Spellcasting
   365 | D:1      | Reached XP level 2. HP: 13/15 MP: 5/11
   607 | D:1      | Learned a level 2 spell: Blink
   610 | D:1      | Learned a level 2 spell: Call Imp
  1034 | D:1      | Reached XP level 3. HP: 19/19 MP: 7/14
  1387 | D:2      | Learned a level 3 spell: Mephitic Cloud
  1391 | D:2      | Learned a level 3 spell: Conjure Flame
  1451 | D:2      | Reached XP level 4. HP: 24/24 MP: 4/17
  1535 | D:2      | Found a glowing golden altar of the Shining One.
  1536 | D:2      | Noticed an angel
  1562 | D:2      | Found a basalt altar of Yredelemnul.
  1563 | D:2      | Noticed a profane servitor
  1679 | D:2      | Noticed Ijyb
  1693 | D:2      | Killed Ijyb
  1969 | D:3      | Reached skill level 6 in Spellcasting
  2014 | D:3      | Noticed a centaur
  2045 | D:3      | Killed a centaur
  2045 | D:3      | Reached XP level 5. HP: 17/28 MP: 7/20
  2255 | D:3      | Reached XP level 6. HP: 24/32 MP: 22/22
  2493 | D:4      | Noticed Grinder
  2495 | D:4      | Paralysed by Grinder for 5 turns
  2500 | D:4      | Killed Grinder
  2500 | D:4      | Reached skill level 5 in Dodging
  2505 | D:4      | Reached skill level 1 in Fighting
  2528 | D:4      | Found a sacrificial altar of Ru.
  2563 | D:4      | Reached XP level 7. HP: 23/38 MP: 24/24
  2766 | D:4      | Noticed Natasha
  2774 | D:4      | Noticed Menkaure
  2774 | D:4      | Killed Natasha
  2787 | D:4      | Killed from afar by Menkaure

Action                   |  1- 3 |  4- 6 |  7- 9 || total
-------------------------+-------+-------+-------++-------
Melee: Unarmed           |    21 |       |       ||    21
       Dagger            |    30 |    15 |       ||    45
       Spear             |       |    87 |    18 ||   105
 Cast: Magic Dart        |    91 |    27 |    14 ||   132
       Blink             |     1 |       |       ||     1
       Mephitic Cloud    |     1 |     6 |     2 ||     9
       Call Imp          |     1 |       |     1 ||     2
       Conjure Flame     |       |     3 |     1 ||     4
  Use: Scroll            |     1 |     6 |       ||     7
       Potion            |       |     1 |       ||     1
 Stab: Confused          |       |     3 |       ||     3
       Sleeping          |       |     1 |       ||     1
  Eat: Chunk             |     2 |     3 |     1 ||     6
